Cogmind - Beta 14 @@@ ROGUE MODE // 2024.09.01 @ 12:47:11 Player: Beef Result: Destroyed by Y-45 Defender with Beam Rifle Performance ------------- Evolutions (0) 0 Regions Visited (4) 800 Robots Destroyed (25) 125 Value Destroyed (517) 517 Prototype IDs (1) 20 Alien Tech Used (0) 0 Bonus (0) 0 TOTAL SCORE: 1462 Bonus ------- None Cogmind --------- Core Integrity 0/250 Matter 300/300 Energy 200/200 System Corruption 0% Temperature Cool (9) Movement Rolling (110) Ox2 Location -9/Recycling Parts ------- > --- POWER (1) -------- Subdweller Power Source > --- PROPULSION (2) --- Wheel Wheel > --- UTILITY (2) ------ High-capacity Storage Unit Medium Armor Plating > --- WEAPON (2) ------- Barrage Gun Heavy Battle Rifle > --- INVENTORY (20) --- Improved Ion Engine Light Treads Light Treads Aluminum Leg Aluminum Leg Aluminum Leg Compact Wheel Compact Wheel Subdweller Monowheel Medium Storage Unit Compact Matter Pod (150) Structural Scanner Experimental Sensor Array Signal Interpreter Improved Terrain Scanner Battle Rifle Grenade Launcher Mining Laser Mining Claw Ripper Peak State ------------ > --- POWER ------------ Ion Engine > --- PROPULSION ------- Wheel Compact Wheel > --- UTILITY ---------- High-capacity Storage Unit Experimental Sensor Array > --- WEAPON ----------- Grenade Launcher Mining Claw > --- INVENTORY -------- Ion Engine Aluminum Leg Aluminum Leg Aluminum Leg Aluminum Leg Aluminum Leg Aluminum Leg Wheel Compact Wheel Medium Storage Unit Medium Matter Pod Large Matter Pod Compact Matter Pod Structural Scanner Signal Interpreter Improved Terrain Scanner Medium Laser Medium Laser Assault Rifle Mining Laser [Rating: 17] Favorites ----------- Power Ion Engine Engine Ion Engine Propulsion Wheel Treads Light Treads Wheel Wheel Utility High-capacity Storage Unit Device Structural Scanner Storage High-capacity Storage Unit Processor Visual Processing Unit Protection Medium Armor Plating Weapon Medium Laser Energy Gun Medium Laser Ballistic Gun Assault Rifle Launcher Grenade Launcher Slashing Weapon Mining Claw Build | -11 -10 -10 -10 -9 ------- Run | Yrd Mat Min Sub Rec Slots Evolved . | . . . . . Power . | . . . . . Propulsion . | . . . . . Utility . | . . . . . Weapon . | . . . . . Parts Attached 32 | 6 6 3 14 3 Power 3 | 1 . . 2 . Engine 3 | 1 . . 2 . Core . | . . . . . Reactor . | . . . . . Propulsion 9 | 2 3 . 4 . Treads 2 | 2 . . . . Leg . | . . . . . Wheel 7 | . 3 . 4 . Hover . | . . . . . Flight . | . . . . . Utility 6 | 1 2 1 1 1 Device 2 | . . 1 1 . Storage 2 | 1 1 . . . Processor 1 | . 1 . . . Hackware . | . . . . . Protection 1 | . . . . 1 Artifact . | . . . . . Weapon 14 | 2 1 2 7 2 Energy Gun 5 | 1 1 . 3 . Energy Cannon . | . . . . . Ballistic Gun 5 | 1 . . 3 1 Ballistic Cannon . | . . . . . Launcher 2 | . . 1 1 . Special Weapon . | . . . . . Impact Weapon . | . . . . . Slashing Weapon 2 | . . 1 . 1 Piercing Weapon . | . . . . . Special Melee Weapon . | . . . . . Unidentified Prototypes 1 | . . 1 . . Parts Lost 7 | . 1 . 6 . Power 2 | . . . 2 . Propulsion 2 | . 1 . 1 . Utility . | . . . . . Weapon 3 | . . . 3 . Highest Loss Streak 4 | . 1 . 4 . To Critical Strikes 1 | . . . 1 . Average Slot Usage (%) 95 | . 87 100 98 98 Engine 13 | . 14 14 12 14 Treads 2 | . 7 . . . Wheel 25 | . 18 28 27 28 Device 7 | . . 5 14 1 Storage 14 | . 14 14 14 14 Processor 3 | . 4 9 . . Energy Gun 10 | . 14 2 15 . Ballistic Gun 9 | . 14 2 9 23 Launcher 4 | . . 12 2 . Slashing Weapon 3 | . . 12 . 4 Peak Build Rating 17 | 6 9 17 15 17 Average Rating 10 | 4 7 12 11 16 On Entrance 9 | . 6 9 17 14 Naked Turns . | . . . . . Heaviest Build 59 | 14 49 51 51 59 Greatest Support 40 | 40 40 26 30 20 Greatest Overweight (x) 5 | . 3 1 5 2 Average Overweight (x) 1 | . . 1 1 2 Largest Inventory Capacity 20 | 8 20 20 20 20 Average Capacity 18 | 6 16 20 20 20 Most Carried 20 | 6 19 20 20 20 Average Carried 16 | 2 12 19 18 18 Final Capacity 20 | 8 20 20 20 20 Final Carried 20 | 6 19 20 17 20 Class Distribution -------------------- 89% | Mutant 10% | Scavenger-Mutant Dominant Class ---------------- Mutant | -10/Materials Mutant | -10/Mines Mutant | -10/Subcaves Mutant | -9/Recycling Resources | -11 -10 -10 -10 -9 ----------- Run | Yrd Mat Min Sub Rec Matter Collected 996 | 236 355 133 218 54 Remotely . | . . . . . Salvage Created 687 | . 457 . 173 57 Parts 55 | . 28 . 19 8 Haulers Intercepted 1 | . 1 . . . Recyclers Shooed . | . . . . . Parts Field Recycled . | . . . . . Retrieved Matter . | . . . . . Parts Self-Destructed 14 | . . . 14 . Prevented . | . . . . . Kills | -11 -10 -10 -10 -9 ------- Run | Yrd Mat Min Sub Rec Combat Hostiles Destroyed 16 | . 7 1 7 1 Guns 11 | . 7 . 3 1 AOE 5 | . . 1 4 . Classes Destroyed 12 | . 7 2 2 1 Builder 2 | . 2 . . . Tunneler 1 | . . 1 . . Hauler 1 | . 1 . . . Recycler 1 | . 1 . . . Operator 1 | . 1 . . . Turret 2 | . . . 2 . Watcher 2 | . 2 . . . Swarmer 7 | . 3 . 4 . Grunt 4 | . 4 . . . Sentry 1 | . . . . 1 Subdweller 3 | . . . 3 . Assembled 1 | . . 1 . . Best Kill Streak 6 | . 3 1 6 1 Combat Bots Only 4 | . 3 1 4 1 Max Kills in Single Turn 2 | . 1 1 2 1 Gunslinging . | . . . . . Exploded 2 | . . 1 2 . Melee . | . . . . . Uniques/NPCs Destroyed . | . . . . . Combat | -11 -10 -10 -10 -9 -------- Run | Yrd Mat Min Sub Rec Hostile Shots Fired 144 | . 26 . 113 5 Missed 54 | . 6 . 46 2 Damage Taken 1022 | . 244 . 733 45 Core 251 | . 46 . 190 15 Absorbed by Shields . | . . . . . Core Remaining (%) 100 | 100 . . . . Volleys Fired 81 | . 43 3 34 1 Largest 2 | . 2 1 2 2 Hottest 100 | . 70 30 100 61 Shots Fired 157 | . 85 3 67 2 Gun 151 | . 85 . 64 2 Cannon . | . . . . . Launcher 6 | . . 3 3 . Special . | . . . . . Kinetic 64 | . 43 . 19 2 Thermal 87 | . 42 . 45 . Explosive 6 | . . 3 3 . Electromagnetic . | . . . . . Robot Hit Streak 17 | . 7 2 17 4 Robot Miss Streak 4 | . 4 . 4 . Penetration Max . | . . . . . Secondary Targets 2 | . . . 2 . Max Gunslinging Chain 1 | . . . 1 . Shots Hit Robots 97 | . 49 1 46 1 Core Hits 43 | . 25 1 16 1 Critical Kills . | . . . . . Critical Parts Destroyed 1 | . 1 . . . Critical Strikes 13 | . 9 . 4 . Burn 12 | . 8 . 4 . Destroy 1 | . 1 . . . Melee Attacks 5 | . . . . 5 Impact . | . . . . . Slashing 5 | . . . . 5 Piercing . | . . . . . Sneak Attacks . | . . . . . Combat Hostiles . | . . . . . Follow-up Attacks . | . . . . . Damage Inflicted 1582 | . 599 104 856 23 Guns 1203 | . 599 . 581 23 Cannons . | . . . . . Explosions 379 | . . 104 275 . Melee . | . . . . . Ramming . | . . . . . Kinetic 524 | . 298 . 203 23 Thermal 679 | . 301 . 378 . Explosive 379 | . . 104 275 . Electromagnetic . | . . . . . Impact . | . . . . . Slashing . | . . . . . Piercing . | . . . . . Highest Corruption . | . . . . . Average Corruption . | . . . . . Corruption Purged . | . . . . . Corruption Blocked . | . . . . . Overload Shots . | . . . . . Overflow Damage 30 | . . 30 . . Projectiles . | . . . . . Explosions 30 | . . 30 . . Melee . | . . . . . Knockbacks . | . . . . . Impact . | . . . . . Kinetic . | . . . . . Secondary . | . . . . . Self-Inflicted Damage 5 | . . . 5 . Shots 1 | . . . 1 . Rammed . | . . . . . Targets Rammed . | . . . . . Kicked . | . . . . . Crushed . | . . . . . Highest Temperature 84 | . 84 . 38 26 Average Temperature 21 | . 22 . 17 16 Received Heat Transfer 327 | . 120 . 180 27 Siege Activations . | . . . . . Robots Corrupted . | . . . . . Combat Hostiles . | . . . . . Parts Fried . | . . . . . Impact Corruptions . | . . . . . Robots Melted . | . . . . . Combat Hostiles . | . . . . . Parts Melted 5 | . 4 . 1 . Heat Transferred 2886 | . 1480 . 1406 . Parts Sabotaged . | . . . . . Parts Stolen . | . . . . . Parts Stripped . | . . . . . Power Chain Reactions . | . . . . . Alert | -11 -10 -10 -10 -9 ------- Run | Yrd Mat Min Sub Rec Peak Influence 264 | . 264 35 . 68 Initial 26 | . . 26 . . Average 58 | . 111 29 . 17 Maximum Alert Level 1 | . 1 . . . Low Security (%) 92 | 100 82 100 . 100 Level 1 7 | . 17 . . . Level 2 . | . . . . . Level 3 . | . . . . . Level 4 . | . . . . . Level 5 . | . . . . . High Security . | . . . . . Max Security . | . . . . . Squads Dispatched 2 | . 2 . . . Investigation . | . . . . . Extermination . | . . . . . Reinforcement 2 | . 2 . . . Assault . | . . . . . Garrison . | . . . . . Intercept . | . . . . . Searches Triggered . | . . . . . Construction Impeded . | . . . . . Haulers Reinforced . | . . . . . Active Scanning Responses . | . . . . . Cargo Convoy Interrupts . | . . . . . Stealth | -11 -10 -10 -10 -9 --------- Run | Yrd Mat Min Sub Rec Distress Signals 2 | . 2 . . . Communications Jammed . | . . . . . Distress Signals . | . . . . . Times Spotted 29 | . 14 2 11 2 Peak Tracking Total 6 | . 4 1 6 1 Tactical Retreats 5 | . 3 1 1 . Traps | -11 -10 -10 -10 -9 ------- Run | Yrd Mat Min Sub Rec Traps Triggered . | . . . . . Indirectly . | . . . . . Trap Hack Attempts . | . . . . . Triggered . | . . . . . Disarmed . | . . . . . Reprogrammed . | . . . . . Reused . | . . . . . Traps Extracted . | . . . . . Installed . | . . . . . Triggered . | . . . . . Machines | -11 -10 -10 -10 -9 ---------- Run | Yrd Mat Min Sub Rec Machines Disabled 2 | . . . 2 . Max in Single Turn 2 | . . . 2 . Machines Repaired . | . . . . . Machines Dismantled . | . . . . . Machines Sabotaged . | . . . . . Overloaded Fab Kills . | . . . . . Hacking | -11 -10 -10 -10 -9 --------- Run | Yrd Mat Min Sub Rec Machines Accessed 3 | . 2 . . 1 Terminals 2 | . 2 . . . Fabricators . | . . . . . Repair Stations . | . . . . . Recycling Units 1 | . . . . 1 Scanalyzers . | . . . . . Garrison Access . | . . . . . Total Hacks 7 | . 6 . . 1 Successful 4 | . 3 . . 1 Failed 3 | . 3 . . . Catastrophic 1 | . 1 . . . Database Lockouts . | . . . . . Manual 7 | . 6 . . 1 Terminals 6 | . 6 . . . Fabricators . | . . . . . Repair Stations . | . . . . . Recycling Units 1 | . . . . 1 Scanalyzers . | . . . . . Garrison Access . | . . . . . Terminal Hacks 1 | . 1 . . . Branch Access Points 1 | . 1 . . . Fabricator Hacks . | . . . . . Repair Station Hacks . | . . . . . Recycling Unit Hacks . | . . . . . Scanalyzer . | . . . . . Garrison Access Hacks . | . . . . . Unauthorized Hacks 3 | . 2 . . 1 Terminals 2 | . 2 . . . Botnet 2 | . 2 . . . Fabricators . | . . . . . Repair Stations . | . . . . . Recycling Units 1 | . . . . 1 Tunnel 1 | . . . . 1 Scanalyzers . | . . . . . Garrison Access . | . . . . . Data Cores Recovered . | . . . . . Used . | . . . . . Hacking Detections 1 | . 1 . . . Full Trace Events . | . . . . . Feedback Events . | . . . . . Feedback Blocked . | . . . . . Robot Schematics Acquired . | . . . . . Robots Built . | . . . . . Authchips . | . . . . . Time . | . . . . . Total Robot Build Rating . | . . . . . Part Schematics Acquired . | . . . . . Parts Built . | . . . . . Authchips . | . . . . . Time . | . . . . . Total Part Build Rating . | . . . . . Parts Repaired . | . . . . . Time . | . . . . . Parts Recycled . | . . . . . Recycled Matter . | . . . . . Retrieved Matter . | . . . . . Retrieved Components . | . . . . . Parts Scanalyzed . | . . . . . Part Schematics Acquired . | . . . . . Parts Damaged . | . . . . . Bothacking | -11 -10 -10 -10 -9 ------------ Run | Yrd Mat Min Sub Rec Used RIF Installer . | . . . . . Robots Hacked . | . . . . . Non-combat . | . . . . . Combat . | . . . . . Robot Hacks Applied . | . . . . . Relay Couplers Released . | . . . . . Fabnet Peak Effective % . | . . . . . Robots Rewired . | . . . . . Allies Hacked . | . . . . . Hacks Repelled . | . . . . . Allies | -11 -10 -10 -10 -9 -------- Run | Yrd Mat Min Sub Rec Total Allies . | . . . . . Largest Group . | . . . . . Highest-Rated Group . | . . . . . Highest-Rated Ally . | . . . . . Total Orders . | . . . . . Ally Attacks . | . . . . . Total Damage . | . . . . . Kills . | . . . . . Allies Corrupted . | . . . . . Allies Melted . | . . . . . Intel | -11 -10 -10 -10 -9 ------- Run | Yrd Mat Min Sub Rec Robot Analysis Total . | . . . . . Derelict Logs Recovered 2 | . . 1 1 . Drone Launches . | . . . . . Drone Recoveries . | . . . . . Exploration | -11 -10 -10 -10 -9 ------------- Run | Yrd Mat Min Sub Rec Turns Passed 1793 | 119 459 412 679 124 Spaces Moved 1283 | 70 246 369 509 89 Core 7 | 7 . . . . Treads 129 | 63 66 . . . Legs . | . . . . . Wheels 1147 | . 180 369 509 89 Hover . | . . . . . Flight . | . . . . . Fastest Speed 50 | 50 105 105 105 110 Average Speed 112 | 149 124 105 107 110 Slowest Speed 160 | 160 160 105 155 110 Overloaded Moves . | . . . . . Propulsion Burnouts . | . . . . . Robots Hopped . | . . . . . Cave-ins Triggered . | . . . . . Exploration Rate (%) 35 | 5 47 79 29 15 Regions Visited 4 Branch Regions 3 Pre-discovered Areas 3 | . . . 2 1 Known Exits Taken 2 | . 1 . 1 . Unknown Exits Taken 2 | 1 . 1 . . Scrap Searched 5 | . . 2 3 . Spaces Dug 11 | . . . 6 5 Terrain Destroyed 42 | . . 24 13 5 Melee 5 | . . . . 5 Projectile . | . . . . . AOE 37 | . . 24 13 . Terrain Rammed . | . . . . . Walls Destroyed . | . . . . . Machines Disabled . | . . . . . Actions | -11 -10 -10 -10 -9 --------- Run | Yrd Mat Min Sub Rec Total 1466 | 82 312 392 575 105 Wait 18 | . . 10 6 2 Move 1279 | 69 245 368 508 89 Hop . | . . . . . Pick Up 34 | 7 14 4 6 3 Fast Attach 11 | 5 3 1 1 1 Attach 7 | 1 . . 6 . Detach 4 | . 1 1 1 1 Swap 14 | . 3 2 7 2 Drop 13 | . 3 3 6 1 Fire 81 | . 43 3 34 1 Melee 5 | . . . . 5 Ram . | . . . . . Kick . | . . . . . Crush . | . . . . . Escape Stasis . | . . . . . Rewire . | . . . . . Trap . | . . . . . Miscellaneous . | . . . . . Route ------- -11/Scrapyard -10/Materials (discovered 3 exits: [*Mat x2] / *Min) -10/Mines (discovered 2 exits: [*Mat] / [*Sub]) -10/Subcaves -9/Recycling History --------- Turn | Location | Event 16 | -11/Scrapyard | Discovered new exit (range 14) 120 | -11/Scrapyard | Entered Materials 144 | -10/Materials | Identified exit to Mines 303 | -10/Materials | Build established: Mutant 321 | -10/Materials | Discovered new exit (range 13) 442 | -10/Materials | Discovered new exit (range 9) 579 | -10/Materials | Entered Mines 633 | -10/Mines | Assembled infested the area 716 | -10/Mines | Discovered new exit (range 11) 839 | -10/Mines | Found a damaged Exp. Sensor Array with a note attached 844 | -10/Mines | Found Prototype Device 844 | -10/Mines | Identified Exp. Sensor Array 981 | -10/Mines | Discovered new exit (range 10) 991 | -10/Mines | Entered Subcaves 992 | -10/Subcaves | Identified exit to Recycling 1018 | -10/Subcaves | Learned location of Zion (-7) 1018 | -10/Subcaves | Met a Zionite searching for "candidates" 1111 | -10/Subcaves | Disturbed a concealed Subdweller 1112 | -10/Subcaves | Disturbed a concealed Subdweller 1198 | -10/Subcaves | Shifting Twisted Machinery released Ripper 1216 | -10/Subcaves | Shifting Twisted Machinery released Sub. Monowheel 1322 | -10/Subcaves | Core integrity fell below 50% 1516 | -10/Subcaves | Core integrity fell below 20% 1540 | -10/Subcaves | Lost 4 parts (1p1n2w) 1670 | -10/Subcaves | Entered Recycling 1671 | -9/Recycling | Met a Zionite searching for Scraptown 1794 | -9/Recycling | Destroyed by Y-45 Defender with Beam Rifle Last Messages --------------- 01672_ 07-Z61(z): "I've heard great things about that place, but almost no one seems to know where to find it, only that you access it somewhere from Recycling here." 01673_ 07-Z61(z): "Anyway I've been here searching too long already, time to slink back to the caves before I'm caught. You'd best do the same." 01685_ Acquired 17 matter. 01690_ Acquired Med. Armor Plating. 01733_ The unstable cave ceiling collapses. 01752_ Y-45 Defender destroyed. 01754_ Acquired 37 matter. 01757_ Acquired Lgt. Treads. 01762_ The unstable cave ceiling collapses. 01769_ Dropped Aluminum Leg. 01769_ Acquired Imp. Ion Engine. 01772_ R-06 Scavenger collects Aluminum Leg. 01776_ R-06 Scavenger collects Heat Sink. 01782_ Connecting with Recycling Unit... >>Force(Tunnel) DISCOVERED[-9/Storage] 01793_ Y-45 Defender springs to life. Map ----- +----------------------------------------------------+ | ?????????????????## # ##???????????????? | | ?????????????????## % # ##???????????????? | | ????????????????### + ##???????????????? | | ????????????????# #% # ##???????????????? | | ????????????????### ! # ##???????????????? | | ?????????????????## ! # ##???????????????? | | ?????????????????## !#[[ ##???????????????? | | ?????????????????###########%!! ##???????????????? | | ?????????????????####### #### ##???????????????? | | ????????????????????????##?## ##???????????????? | | ???????????????????????????## #???????????????? | | ????????????????????????##### ##???????????????? | | ????????????????????????#"""# ##???????????????? | | ??????????????????#######"Y"#% ##???????????????? | | ??????????????????# ##???????????????? | | ??????????????????# ##???????????????? | | ??????????????????# ##???????????????? | | ?????????????#????## ########????????????????? | | ?????????????#]]?#?# #???????????????????????? | | ??????????####]]]# # ##############??????????? | | ?????????# Y ?????????? | | ?????????# r ?????????? | | ?????????# ?????????? | | ?????????# """ """ ""???????????? | | ?????????# """ """???????????????? | | ?????????#### #####"Y"## @""" """???????????????? | | ????????????#?????#"""?# ??????????????? | | ??????????????????####?# ?????????????? | | ???????????????????????+ ???????????? | | ???????????????????????# ####"T"#### ???????????? | | ???????????????????????# #???####????????????????? | | ???????????????????????# #???????????????????????? | | ???????????????????????# #???????????????????????? | | ???????????????????????# #???????????????????????? | | ??????????????????????? ????????????????????????? | | ??????????????????????? ????????????????????????? | | ??????????????????????? ????????????????????????? | | ??????????????????????? ????????????????????????? | | ??????????????????????? ?????????????????????????? | | ??????????????????????? ?????????????????????????? | | ??????????????????????? ?????????????????????????? | | ?????????????????????????????????????????????????? | | ?????????????????????????????????????????????????? | | ?????????????????????????????????????????????????? | | ?????????????????????????????????????????????????? | | ?????????????????????????????????????????????????? | | ?????????????????????????????????????????????????? | | ?????????????????????????????????????????????????? | | ?????????????????????????????????????????????????? | | ?????????????????????????????????????????????????? | +----------------------------------------------------+ Best States ------------- Heat Dissipation 25 Energy Generation 15 Energy Capacity 250 Matter Stores 300 Matter Capacity 300 Sight Range 18 Robot Scan Range 20 Terrain Scan Density 10 Armor Coverage 225 Evasion (%) 40 Recoil Reduction 2 Item Schematics ----------------- None Robot Schematics ------------------ None Fabricated ------------ Nothing Alien Tech Used ----------------- None Achievements -------------- None Challenges ------------ None Game ------ Seed SpectralSystemSuperbattery Manual? 0 Play Time 00:11:28 Cumulative 103.8 hours Start 2024.09.01 @ 12:27:50 End 2024.09.01 @ 12:47:11 Sessions 1 Manual Loads 0 Difficulty Rogue Special Mode None Game No. 116 Rogue 116 Adventurer 0 Explorer 0 Win Type - Total 2 Types 2/0/0/0/0/0/0/0/0 Lore% 39 Gallery% 61 Achievement% 44 Wizard Run 0 Options --------- Layout 0 ASCII 0 Keyboard 1 Movement Numpad Keybinds 0 Fullscreen 2 Font 18/SmallcapsGlow Map View 76x50 Zoom Use 0% Tactical HUD 1 Map Filters NONE Filters NONE Steam 1 RUN: ca79ce77-e472-42a5-ab18-80019adae101